 Dungeon Crawl Stone Soup version 0.32-a0-40-g2adb59ae06 (webtiles) character file.

Game seed: 12157985533090266767

150 Newt the Changeling (level 5, 0/36 HPs)
             Began as an Octopode Shapeshifter on Jan 24, 2024.
             Slain by an orc
             ... wielding a +0 flail
              (7 damage)
             ... on level 2 of the Dungeon.
             The game lasted 00:02:36 (2032 turns).

Newt the Changeling (Octopode Shapeshifter)         Turns: 2032, Time: 00:02:36

Health: 0/36       AC:  5    Str: 16    XL:     5   Next: 32%
Magic:  5/5        EV: 13    Int: 12    God:
Gold:   74         SH:  0    Dex: 11    Spells: 4/4 levels left

rFire   . .          .
                       - Unarmed
rCold   . . .        (no shield)
rNeg    + . .        (helmet currently unavailable)
rPois   .            (no amulet)
rElec   .            k - ring of positive energy
rCorr   .            h - +4 ring of protection
SInv    +            f - ring of see invisible
Will    .....        (no ring)
Stlth   ++           (no ring)
HPRegen 0.26/turn    (no ring)
MPRegen 0.09/turn    (no ring)
                     (no ring)

%: no passive effects
@: confused, brilliant, beast-form
A: beast (slay +2), almost no armour, amphibious, 8 rings, camouflage 1,
gelatinous body 1, (nimble swimmer 1), tentacles
a: Begin Untransformation


You were on level 2 of the Dungeon.
You were a hulking beast.
You visited 1 branch of the dungeon, and saw 3 of its levels.

You collected 74 gold pieces.

Inventory:

Jewellery
 f - a ring of see invisible (on tentacle)
 h - a +4 ring of protection (right tentacle)
 k - a ring of positive energy (left tentacle)
Talismans
 b - a beast talisman
 c - a flux talisman
Scrolls
 e - 2 scrolls of teleportation
Potions
 a - a potion of lignification
 d - 3 potions of enlightenment
 g - a potion of mutation
 i - a potion of degeneration
 j - a potion of heal wounds
 l - a potion of brilliance


   Skills:
 - Level 3.0 Fighting
 - Level 2.0 Dodging
 - Level 3.0 Unarmed Combat
 + Level 4.7 Shapeshifting


You had 4 spell levels left.
You didn't know any spells.
Your spell library was empty.

Dungeon Overview and Level Annotations

Branches:
Dungeon (3/15)

Altars:


Innate Abilities, Weirdness & Mutations

You are a hulking beast.
Your limbs bulge with bestial killing power. (Slay +2)
You cannot wear most types of armour.
You are amphibious.
You can wear up to eight rings at the same time.
Your skin changes colour to match your surroundings (Stealth+).
Your rubbery body absorbs attacks. (AC +1, EV +1)
((You are camouflaged when in or above water. (Stealth+)))
You have tentacles for arms and can constrict up to eight enemies at once.


Message History

There is a stone staircase leading up here.
Unknown command.
The orc hits you with a +0 flail. The orc misses you.
Unknown command.
You closely miss the orc wizard. Your grab misses the orc wizard.
The orc barely misses you. The orc wizard casts a spell at you.
You are confused.
The orc hits you from afar with a +1 trident of holy wrath.
Unknown command.
The orc hits you with a +0 flail!
The orc wizard attacks as it pursues you!
The orc wizard hits you but does no damage.
The orc hits you with a +0 flail. The orc wizard casts a spell at you.
You are more confused.
There is a stone staircase leading up here.
Unknown command.
In your confused state, you trip and fall back down the stairs.
The orc completely misses you.
The orc throws a boomerang.
The boomerang hits you but does no damage.
Unknown command.
Unknown command.
Unknown command.
Unknown command.
Unknown command.
The orc barely misses you. x2
The orc hits you from afar with a +1 trident of holy wrath.
The orc wizard misses you.
You climb upwards.
There is a stone staircase leading down here.
Unknown command.
Unknown command.
Unknown command.
It was a potion of brilliance.
You feel clever all of a sudden. The orc hits you with a +0 flail!
* * * LOW HITPOINT WARNING * * *
The orc hits you with a +0 flail!
You die...

###.###..# #..#.....#......†..#
# #......# #..#.....##........#
###.####.###..#.....##...#...##
....# #...>....#.####...##.##
#.### #.###.............##.#
..# ###.# ##.#..........##.#
### #...# #.#...##.######.# #
###.#.####.#o..##.#### #.# #
#..........>oh.......# #.# #
#.#.#.####.#.o)#####.# #.#
####.#.#.###......# #.# #.#
.....#.#.....#....# ##.# #.#
######.....#...##.# ##..# #.#
#####......#.###...# #)#
#..#.#)#.......# #.#
#..........<#### #.#
##.#.#.####.# #.#


You could see an orc wizard and 2 orcs.

Vanquished Creatures
  8 adders
  2 ribbon worms
  An orc (D:2)
  8 ball pythons
  7 endoplasms
  4 goblins
  4 hobgoblins (D:1)
  12 jackals
  8 kobolds
  5 quokkas
  4 frilled lizards
  4 rats
67 creatures vanquished.

Notes
Turn   | Place    | Note
-------+----------+-------------------------------------------
     0 | D:1      | Newt the Octopode Shapeshifter began the quest for the Orb.
     0 | D:1      | Reached XP level 1. HP: 13/13 MP: 1/1
   236 | D:1      | Reached XP level 2. HP: 19/19 MP: 2/2
   534 | D:1      | Reached XP level 3. HP: 19/25 MP: 3/3
  1050 | D:2      | Reached XP level 4. HP: 30/31 MP: 4/4
  1229 | D:2      | Reached skill level 4 in Shapeshifting
  1772 | D:3      | Reached XP level 5. HP: 32/36 MP: 5/5
  2032 | D:2      | Slain by an orc

Illustrated notes

Levels and vault maps discovered:
D:1:      dpeg_arrival_court, layout_basic, nicolae_the_louvre
D:2:      layout_loops_ring, minmay_unequal
D:3:      layout_loops_ring

Skill      XL: |  1  2  3  4 |
---------------+-------------+-----
Fighting       | 2 3 |  3.0
Shapeshifting  | 4 |  4.7
Dodging        | |  2.0
Unarmed Combat | |  3.0

Action                     |  1- 3 |  4- 6 || total
---------------------------+-------+-------++-------
  Melee: Unarmed           |    82 |    51 ||   133
         Constrict         |    24 |    18 ||    42
         Tentacles         |    12 |    18 ||    30
         Punch             |     2 |     1 ||     3
    Use: Scroll            |     6 |     2 ||     8
         Potion            |       |     1 ||     1
   Stab: Sleeping          |     5 |     2 ||     7
 Armour: Skin              |    36 |    34 ||    70
  Dodge: Dodged            |    47 |    39 ||    86

Table legend: (Time is in decaauts)
 A = Elapsed time spent in this place.
 B = Non-inter-level travel time spent in this place.
 C = Inter-level travel time spent in this place.
 D = Time resting spent in this place.
 E = Time spent auto-exploring this place.
 F = Levels seen in this place.
 G = Mean time per level.
                   A        B        C        D        E       F      G
               +--------+--------+--------+--------+--------+-----+--------+
         Total |   2025 |   2001 |     24 |    136 |   1484 |   3 |  675.0 |
       Dungeon |   2025 |   2001 |     24 |    136 |   1484 |   3 |  675.0 |
               +--------+--------+--------+--------+--------+-----+--------+

Top non-repeatable levels by time:
     D:2: 950 daAuts
     D:1: 814 daAuts
     D:3: 260 daAuts
